 Dungeon Crawl Stone Soup version 0.28.0 (webtiles) character file.

Game seed: 2600454780992574347

114 Sanktem7 the Conjurer (level 4, -1/32 HPs)
             Began as a Gnoll Conjurer on Feb 8, 2022.
             Succumbed to a gnoll's poison
             ... on level 2 of the Dungeon.
             The game lasted 00:04:13 (1793 turns).

Sanktem7 the Conjurer (Gnoll Conjurer)              Turns: 1793, Time: 00:04:14

Health: -1/32      AC:  4    Str:  7    XL:     4   Next: 98%
Magic:  1/11       EV: 17    Int: 19    God:
Gold:   62         SH:  0    Dex: 10    Spells: 10/13 levels left

rFire   . . .      SeeInvis .     - Unarmed
rCold   . . .      Faith    .   (no shield)
rNeg    . . .      Spirit   .   a - +0 robe
rPois   .          Reflect  .   (no helmet)
rElec   .          Harm     .   d - +1 cloak
rCorr   .          Rampage  .   (no gloves)
Will    .....                   (no boots)
Stlth   ++........              (no amulet)
HPRegen 0.10/turn               e - +4 ring of evasion
MPRegen 0.12/turn               (no ring)

@: lethally poisoned (-1 -> -9)
A: fangs 1, strong nose, distributed training
a: no special abilities


You were on level 2 of the Dungeon.
You visited 1 branch of the dungeon, and saw 2 of its levels.

You collected 62 gold pieces.

Inventory:

Armour
 a - a +0 robe (worn)
 d - a +1 cloak (worn)
Jewellery
 e - a +4 ring of evasion (left hand)
Scrolls
 b - a scroll of summoning {unknown}
 c - a scroll of brand weapon {unknown}
 h - a scroll of enchant armour {unknown}
 i - a scroll of enchant weapon {unknown}
Potions
 f - a potion of cancellation {unknown}
 g - a potion of flight {unknown}


   Skills:
 + Level 1.3 Fighting
 + Level 1.3 Short Blades
 + Level 1.3 Long Blades
 + Level 1.3 Axes
 + Level 1.3 Maces & Flails
 + Level 1.3 Polearms
 + Level 1.3 Staves
 + Level 1.3 Slings
 + Level 1.3 Bows
 + Level 1.3 Crossbows
 + Level 1.3 Throwing
 + Level 1.3 Armour
 + Level 4.7 Dodging
 + Level 4.3 Stealth
 + Level 1.3 Shields
 + Level 1.3 Unarmed Combat
 + Level 5.1 Spellcasting
 + Level 7.1 Conjurations
 + Level 1.0 Hexes
 + Level 1.0 Summonings
 + Level 1.0 Necromancy
 + Level 1.0 Translocations
 + Level 1.0 Transmutations
 + Level 1.0 Fire Magic
 + Level 1.0 Ice Magic
 + Level 1.0 Air Magic
 + Level 1.0 Earth Magic
 + Level 1.0 Poison Magic
 + Level 1.4 Invocations
 + Level 1.3 Evocations


You had 10 spell levels left.
You knew the following spells:

 Your Spells              Type           Power      Damage    Failure   Level
a - Magic Dart            Conj           100%       1d8       1%          1
b - Searing Ray           Conj           64%        2d6       1%          2

Your spell library contained the following spells:

 Spells                   Type           Power      Damage    Failure   Level
 Dazzling Flash           Conj/Hex       40%        N/A       7%          3
 Fulminant Prism          Conj/Hex       10%        3d9       22%         4
 Iskenderun's Mystic Bla  Conj/Tloc      20%        2d6       22%         4
 Gell's Gravitas          Tloc           9%         N/A       24%         3
 Lesser Beckoning         Tloc           9%         N/A       24%         3
 Teleport Other           Tloc           9%         N/A       24%         3


Dungeon Overview and Level Annotations

Branches:
Dungeon (2/15)

Altars:


Innate Abilities, Weirdness & Mutations

You have very sharp teeth.
Your uncanny sense of smell can sniff out nearby items.
Your experience applies equally to all skills.


Message History

You see here a +0 club.
The gnoll hits you with a +1 spear of venom!
You are poisoned.
Things that are here:
a +0 halberd; a gnoll corpse
Casting: Searing Ray (safe; 1% risk of failure)
Confirm with . or Enter, or press ? or * to list all spells.
Aiming: Searing Ray (safe; 1% risk of failure)
Press: ? - help, Shift-Dir - straight line, f - gnoll
Aim: a gnoll, wielding a +1 spear of venom (83% to hit)
The searing ray hits the gnoll.
The gnoll is lightly wounded. (Press . to maintain the ray.)
You feel very sick. The gnoll closely misses you.
The searing ray misses the gnoll.
You feel very sick. The gnoll barely misses you.
You feel sick. The gnoll closely misses you.
You see here a +0 club.
You feel sick.
You feel sick.
You feel sick.
You feel sick.
You feel sick.
You feel sick.
You are no longer poisoned.
Casting: Searing Ray (safe; 1% risk of failure)
Confirm with . or Enter, or press ? or * to list all spells.
Aiming: Magic Dart (safe; 1% risk of failure)
Press: ? - help, Shift-Dir - straight line, f/p - gnoll
Aim: a gnoll, wielding a +1 spear of venom (lightly wounded, 100% to hit)
The magic dart hits the gnoll!
The gnoll is severely wounded.
The gnoll hits you from afar with a +1 spear of venom.
* * * LOW HITPOINT WARNING * * *
You are lethally poisoned!
* * * LOW HITPOINT WARNING * * *
You feel very sick.
You die...

#.# #.# #.###.#####
#.........#
#..##.###.########
#..##.###........#
#...#..#########.#
##.†##.# #.# #).##.#
###.# #..##.# ##@#.#
####..##.######.#..#
.........<†....###.#
#........######.#.##
∆ #.##.##### #.g## ∆
#.##.# #..# #.##.#
########..# #.#...
..........# #.#..#
########)##


There were no monsters in sight!

Vanquished Creatures
  Jessica (D:2)
  3 gnolls (D:2)
  An adder (D:2)
  A worm (D:2)
  2 dart slugs (D:1)
  3 bats (D:1)
  4 endoplasms (D:1)
  A giant cockroach (D:1)
  3 goblins (D:1)
  7 hobgoblins (D:1)
  2 kobolds
  A quokka (D:1)
  2 ball pythons
  6 frilled lizards
  8 rats (D:1)
45 creatures vanquished.

Notes
Turn   | Place    | Note
-------+----------+-------------------------------------------
     0 | D:1      | Sanktem7 the Gnoll Conjurer began the quest for the Orb.
     0 | D:1      | Reached XP level 1. HP: 13/13 MP: 6/6
   114 | D:1      | Reached XP level 2. HP: 19/19 MP: 2/7
   537 | D:1      | Reached XP level 3. HP: 6/25 MP: 0/9
   540 | D:1      | Learned a level 2 spell: Searing Ray
   814 | D:1      | Reached skill level 5 in Spellcasting
  1226 | D:1      | Reached skill level 1 in Invocations
  1501 | D:2      | Reached skill level 1 in Fighting
  1501 | D:2      | Reached skill level 1 in Short Blades
  1501 | D:2      | Reached skill level 1 in Long Blades
  1501 | D:2      | Reached skill level 1 in Axes
  1501 | D:2      | Reached skill level 1 in Maces & Flails
  1501 | D:2      | Reached skill level 1 in Polearms
  1501 | D:2      | Reached skill level 1 in Staves
  1501 | D:2      | Reached skill level 1 in Slings
  1501 | D:2      | Reached skill level 1 in Bows
  1501 | D:2      | Reached skill level 1 in Crossbows
  1501 | D:2      | Reached skill level 1 in Throwing
  1501 | D:2      | Reached skill level 1 in Armour
  1501 | D:2      | Reached skill level 1 in Shields
  1501 | D:2      | Reached skill level 1 in Unarmed Combat
  1501 | D:2      | Reached skill level 1 in Evocations
  1522 | D:2      | Noticed Jessica
  1526 | D:2      | Killed Jessica
  1527 | D:2      | Reached XP level 4. HP: 27/32 MP: 4/11
  1761 | D:2      | Reached skill level 1 in Hexes
  1761 | D:2      | Reached skill level 1 in Summonings
  1761 | D:2      | Reached skill level 1 in Necromancy
  1761 | D:2      | Reached skill level 1 in Translocations
  1761 | D:2      | Reached skill level 1 in Transmutations
  1761 | D:2      | Reached skill level 1 in Fire Magic
  1761 | D:2      | Reached skill level 1 in Ice Magic
  1761 | D:2      | Reached skill level 1 in Air Magic
  1761 | D:2      | Reached skill level 1 in Earth Magic
  1761 | D:2      | Reached skill level 1 in Poison Magic
  1792 | D:2      | HP: 1/32 [poisoned by a gnoll]
  1793 | D:2      | Succumbed to a gnoll's poison

Illustrated notes

Levels and vault maps discovered:
D:1:      minmay_arrival_four_loops, layout_loops_cross, minmay_hexomino_c4
D:2:      layout_loops_ring, hellmonk_ecumenical_altar_inner_sanctum,
          uniq_jessica

Skill      XL: |  1  2  3  4 |
---------------+-------------+-----
Spellcasting   | 5 |  5.1
Invocations    | 1 |  1.4
Fighting       | 1 |  1.3
Short Blades   | 1 |  1.3
Long Blades    | 1 |  1.3
Axes           | 1 |  1.3
Maces & Flails | 1 |  1.3
Polearms       | 1 |  1.3
Staves         | 1 |  1.3
Slings         | 1 |  1.3
Bows           | 1 |  1.3
Crossbows      | 1 |  1.3
Throwing       | 1 |  1.3
Armour         | 1 |  1.3
Shields        | 1 |  1.3
Unarmed Combat | 1 |  1.3
Evocations     | 1 |  1.3
Hexes          | 1 |  1.0
Summonings     | 1 |  1.0
Necromancy     | 1 |  1.0
Translocations | 1 |  1.0
Transmutations | 1 |  1.0
Fire Magic     | 1 |  1.0
Ice Magic      | 1 |  1.0
Air Magic      | 1 |  1.0
Earth Magic    | 1 |  1.0
Poison Magic   | 1 |  1.0
Dodging        | |  4.7
Stealth        | |  4.3
Conjurations   | |  7.1

Action                   |  1- 3 |  4- 6 || total
-------------------------+-------+-------++-------
Melee: Unarmed           |     2 |       ||     2
 Cast: Magic Dart        |    71 |    17 ||    88
       Searing Ray       |     1 |     2 ||     3
Armor: Robe              |     2 |       ||     2
Dodge: Dodged            |    23 |     8 ||    31
